 Dungeon Crawl Stone Soup version 0.24-a0-520-g8fd06ad0bc (webtiles) character file.

Game seed: 11891840178779349876

62 Lavandula the Grasshopper (level 3, -1/16 HPs)
             Began as a Felid Warper on July 24, 2019.
             Killed from afar by a hobgoblin (8 damage)
             ... with an iceblast
             ... on level 3 of the Dungeon.
             The game lasted 00:03:59 (2244 turns).

Lavandula the Grasshopper (Felid Warper)            Turns: 2244, Time: 00:04:00

Health: -1/16      AC:  1    Str:  8    XL:     3   Next: 85%
Magic:  5/7        EV: 18    Int: 14    God:
Gold:   88         SH:  0    Dex: 15    Spells: 2/6 levels left
                                        Lives:  0   Deaths: 0

rFire    . . .     SeeInvis +     - Unarmed
rCold    . . .     Gourm    .   (shield unavailable)
rNeg     . . .     Faith    .   (armour unavailable)
rPois    .         Spirit   .   (helmet unavailable)
rElec    .         Reflect  .   (cloak unavailable)
rCorr    .         Harm     .   (gloves unavailable)
MR       .....                  (boots unavailable)
Stlth    ++........             (no amulet)
HPRegen  0.05/turn              (no ring)
MPRegen  0.10/turn              (no ring)

@: shrouded, quick
A: very small, no armour, no weapons or thrown items, stealth, claws 1, fangs 3,
see invisible, carnivore, speed 1, shaggy fur 1, slow metabolism 1, sharp paws
a: no special abilities


You were on level 3 of the Dungeon.
You were completely stuffed.

You visited 1 branch of the dungeon, and saw 3 of its levels.

You collected 88 gold pieces.

Inventory:

Scrolls
 b - a scroll of blinking
 f - 2 scrolls of remove curse
 g - a scroll of immolation {unknown}
 i - a scroll of magic mapping {unknown}
 l - a scroll of identify {unknown}
Potions
 a - 2 potions of flight {unknown}
 d - 3 potions of curing {unknown}
 e - a potion of berserk rage {unknown}
 h - a potion of might {unknown}
 j - a potion of magic {unknown}
Comestibles
 c - 4 rations


   Skills:
 - Level 2.0 Fighting
 - Level 3.2 Dodging
 + Level 4.2 Unarmed Combat
 - Level 2.0 Spellcasting
 - Level 4.4 Translocations


You had 2 spell levels left.
You knew the following spells:

 Your Spells              Type           Power        Failure   Level  Hunger
a - Blink                 Tloc           N/A          6%          2    ###....
b - Shroud of Golubria    Chrm/Tloc      #.....       14%         2    ###....

Your spell library contained the following spells:

 Spells                   Type           Power        Failure   Level  Hunger
 Gell's Gravitas          Tloc           ##........   12%         3    ####...
 Lesser Beckoning         Tloc           ##........   12%         3    ####...
 Teleport Other           Tloc           ##......     12%         3    ####...
 Passage of Golubria      Tloc           N/A          36%         4    #####..


Dungeon Overview and Level Annotations

Branches:
Dungeon (3/15)

Altars:
Hepliaklqana

Annotations:
D:2 Robin


Innate Abilities, Weirdness & Mutations

You cannot wear armour.
You are incapable of wielding weapons or throwing items.
Your paws allow you to move quietly. (Stealth)
You have sharp claws.
You have razor-sharp teeth.
You have supernaturally acute eyesight. (SInv)
You are carnivorous and can eat meat at any time.
You cover ground quickly.
You are covered in fur. (AC +1)
You have a slow metabolism.
Your sharp claws are effective at attacking unaware monsters.


Message History

You closely miss the kobold.
Your shroud begins to fray at the edges.
The kobold hits you with a +1 vampiric short sword.
* * * LOW HITPOINT WARNING * * *
You scratch the kobold.
You kill the kobold!
You start resting.
Your shroud unravels.
You start resting.
Magic restored.
You start resting.
The hobgoblin is too close now for your liking.
The hobgoblin shouts!
There is a stone staircase leading up here.
Casting: Shroud of Golubria (safe; 14% risk of failure)
Confirm with . or Enter, or press ? or * to list all spells.
Space distorts slightly along a thin shroud covering your body.
The hobgoblin zaps a wand.
The mass of ice explodes!
The iceblast engulfs you!
Ouch! That really hurt!
You die...

#
#######.#####
#...g.)......
#g#####......
#.# ##### #.#
#.# #@# #.#
... #....
#.#### #) #.
#.


You could see a hobgoblin.

Vanquished Creatures
  2 adders
  A worm (D:2)
  2 dart slugs
  2 leopard geckos
  5 bats
  8 goblins
  3 hobgoblins (D:1)
  2 jackals (D:2)
  3 kobolds
  A frilled lizard (D:1)
  5 rats
34 creatures vanquished.

Notes
Turn   | Place    | Note
-------+----------+-------------------------------------------
     0 | D:1      | Lavandula the Felid Warper began the quest for the Orb.
     0 | D:1      | Reached XP level 1. HP: 9/9 MP: 4/4
   246 | D:1      | Reached XP level 2. HP: 10/13 MP: 6/6
   371 | D:1      | Learned a level 2 spell: Blink
   374 | D:1      | Learned a level 2 spell: Shroud of Golubria
  1293 | D:1      | Reached XP level 3. HP: 6/16 MP: 5/7
  1748 | D:2      | Found a hazy altar of Hepliaklqana.
  1749 | D:2      | Noticed Robin
  2244 | D:3      | Killed from afar by a hobgoblin

Levels and vault maps discovered:
D:1:      nicolae_arrival_washed_ashore, layout_basic
D:2:      layout_rooms, lemuel_altar_in_water, uniq_robin
D:3:      layout_loops_ring, marbit_many_paths

Skill      XL: |  1  2  3 |
---------------+----------+-----
Unarmed Combat | 3 4 |  4.2
Fighting       | |  2.0
Dodging        | |  3.2
Spellcasting   | |  2.0
Translocations | |  4.4

Action                   || total
-------------------------++-------
Melee: Unarmed           ||   121
       Bite              ||    12
       Punch             ||     1
 Cast: Shroud of Golubri ||     6
       Blink             ||     1
  Use: Scroll            ||     1
 Stab: Sleeping          ||     3
  Eat: Chunk             ||    10
Armor: Skin              ||     6
Dodge: Dodged            ||   107

Table legend:
 A = Non-vault XP
 B = Vault XP
 C = Vault XP percentage of total XP
 D = Non-vault monster count
 E = Vault monster count
 F = Vault count percentage of total count
                 A         B        C        D         E       F
            +---------+---------+-------+---------+---------+-------
      Total |      83 |       6 |   6.7 |      31 |       3 |   8.8
            +---------+---------+-------+---------+---------+-------
        D:1 |      46 |       0 |   0.0 |      19 |       0 |   0.0
        D:2 |      35 |       6 |  14.6 |      11 |       3 |  21.4
        D:3 |       2 |       0 |   0.0 |       1 |       0 |   0.0
            +---------+---------+-------+---------+---------+-------
